 Dungeon Crawl Stone Soup version 0.31-a0-210-gccc998df9b (webtiles) character file.

Game seed: 13564466066171447111

1412902 EnegeticOcto the Scorcher (level 26, 239/239 HPs)
             Began as a Pale Draconian Brigand on June 20, 2023.
             Was the Champion of Cheibriados.
             Escaped with the Orb
             ... and 3 runes on June 30, 2023!
             The game lasted 02:48:10 (104027 turns).

EnegeticOcto the Scorcher (DrBr)                  Turns: 104027, Time: 02:48:11

Health: 239/239    AC: 19    Str: 33    XL:     26   Next: 79%
Magic:  56/56      EV: 36    Int: 41    God:    Cheibriados [******]
Gold:   4786       SH: 23    Dex: 33    Spells: 12/65 levels left

rFire   + + .        p - staff "Nyngaw" {rF+ Stlth+ Fire}
rCold   . . .        V - -1 tower shield of Jetok {Int+4}
rNeg    + + .        (body armour unavailable)
rPois   +            l - +1 hat of the Tired Tusks {rF+ Str+3 Dex+5}
rElec   +            d - +0 cloak of Pessimism {rC+ rN+ MP+9}
rCorr   +            M - +2 pair of gloves
SInv    .            k - +1 pair of boots of Cowardice {rPois rC- rN+ Will+}
Will    +++..        U - amulet of magic regeneration
Stlth   ++           s - ring of Dihighyx {Wiz +Blink rElec rCorr Stlth-, =R}
HPRegen 0.59/turn    R - ring of willpower
MPRegen 0.75/turn

%: wizardry (x1)
@: very slow
A: breathe steam, AC +12, unfitting armour, cold-blooded, steam resistance,
devolution 1
0: Orb of Zot
}: 3/15 runes: barnacled, silver, gossamer
a: Breathe Steam, Renounce Religion, Evoke Blink, Bend Time, Temporal
Distortion, Slouch, Step From Time


You escaped.
You worshipped Cheibriados.
Cheibriados was exalted by your worship.
You visited 12 branches of the dungeon, and saw 53 of its levels.
You visited 1 ziggurat, and saw 3 of its levels.
You also visited: Trove and Ossuary.

You collected 10387 gold pieces.
You spent 5601 gold pieces at shops.

Inventory:

Missiles
 q - 2 curare-tipped darts
 Q - 7 throwing nets {!f}
Armour
 a - a +2 pair of boots of flying
   (You found it in a treasure trove)
 d - the +0 cloak of Pessimism (worn) {rC+ rN+ MP+9}
   (You found it in a treasure trove)

   rC:        It protects you from cold.
   rN:        It protects you from negative energy.
   MP:        It affects your magic capacity (+9).
 k - the +1 pair of boots of Cowardice (worn) {rPois rC- rN+ Will+}
   (You found it in a treasure trove)

   rC:        It makes you vulnerable to cold.
   rPois:     It protects you from poison.
   rN:        It protects you from negative energy.
   Will:      It increases your willpower.
 l - the +1 hat of the Tired Tusks (worn) {rF+ Str+3 Dex+5}
   (You found it in a treasure trove)

   Str:       It affects your strength (+3).
   Dex:       It affects your dexterity (+5).
   rF:        It protects you from fire.
 M - a +2 pair of gloves (worn)
   (You bought it in a shop on level 6 of the Dungeon)
 S - the -2 hat of the Alchemist {rElec rPois rF+ rC+ rN+ Will+ rMut rCorr}
   (You bought it in a shop on level 1 of the Shoals)

   rF:        It protects you from fire.
   rC:        It protects you from cold.
   rElec:     It insulates you from electricity.
   rPois:     It protects you from poison.
   rN:        It protects you from negative energy.
   rCorr:     It protects you from acid and corrosion.
   rMut:      It protects you from mutation.
   Will:      It increases your willpower.
 V - the -1 tower shield of Jetok (worn) {Int+4}
   (You took it off Louise on level 15 of the Dungeon)

   Int:       It affects your intelligence (+4).
Magical Staves
 b - the staff of Analysis {rElec rPois rC+ Stlth+ Air}
   (You found it on level 3 of the Elven Halls)

   [staff of air]

   Base accuracy: +5 Base damage: 5 Base attack delay: 1.2 This weapon's minimum
   attack delay (0.6) is reached at skill level 12.
   rC:        It protects you from cold.
   rElec:     It insulates you from electricity.
   rPois:     It protects you from poison.
   Air:       It increases the power of your Air spells.
   Stlth:     It makes you more stealthy.
   It falls into the 'Staves' category.
   It is a one-handed weapon.
 p - the staff "Nyngaw" (weapon) {rF+ Stlth+ Fire}
   (You found it on level 3 of the Elven Halls)

   [staff of fire]

   Base accuracy: +5 Base damage: 5 Base attack delay: 1.2 This weapon's minimum
   attack delay (0.6) is reached at skill level 12.
   rF:        It protects you from fire.
   Fire:      It increases the power of your Fire spells.
   Stlth:     It makes you more stealthy.
   It falls into the 'Staves' category.
   It is a one-handed weapon.
Jewellery
 s - the ring of Dihighyx (left hand) {Wiz +Blink rElec rCorr Stlth-, =R}
   (You found it on level 13 of the Dungeon)

   [ring of wizardry]

   It improves your spell success rate.
   rElec:     It insulates you from electricity.
   +Blink:    It lets you blink.
   rCorr:     It protects you from acid and corrosion.
   Stlth:     It makes you less stealthy.
 J - a ring of protection from cold
   (You bought it in a shop on level 2 of the Orcish Mines)
 R - a ring of willpower (right hand)
   (You bought it in a shop on level 2 of the Orcish Mines)
 U - an amulet of magic regeneration (around neck)
   (You bought it in a shop on level 2 of the Orcish Mines)
 W - a ring of magical power
   (You found it on level 11 of the Dungeon)
Wands
 c - a wand of light (18) {@v1}
   (You took it off Ijyb on level 3 of the Dungeon)
 i - a wand of roots (60) {@v2}
   (You found it on level 4 of the Shoals)
 y - a wand of flame (71) {@v4}
   (You found it on level 2 of the Elven Halls)
 A - a wand of charming (50)
   (You bought it in a shop on level 5 of the Dungeon)
 N - a wand of polymorph (43)
   (You found it on level 7 of the Dungeon)
 T - a wand of mindburst (47)
   (You found it on level 3 of the Elven Halls)
 X - a wand of digging (11) {@v3}
   (You found it on level 11 of the Dungeon)
Scrolls
 e - 13 scrolls of teleportation {@r3 !r}
 f - 6 scrolls of blinking {@r4}
 n - 13 scrolls of vulnerability
 v - 3 scrolls of revelation {@r5 !r}
 w - 5 scrolls of fog {!r}
 B - 2 scrolls of silence {!r}
 D - 7 scrolls of immolation
 E - 6 scrolls of poison
 F - 5 scrolls of torment
 K - 5 scrolls of fear {!r}
 P - 3 scrolls of butterflies
 Y - a scroll of enchant armour
Potions
 g - a potion of resistance
 h - 7 potions of might {@q3 !q}
 j - 7 potions of brilliance
 m - 9 potions of heal wounds {@q2 !q}
 o - 2 potions of enlightenment
 r - 7 potions of attraction
 u - 5 potions of berserk rage
 x - 16 potions of curing {@q1 !q}
 z - 8 potions of ambrosia
 C - 5 potions of cancellation
 H - 7 potions of invisibility
 I - 5 potions of lignification {@q6}
 L - 6 potions of mutation
Miscellaneous
 t - a lightning rod (4/4)
   (You found it on level 4 of the Vaults)
 G - a tin of tremorstones (2/2)
   (You found it on level 14 of the Dungeon)
 O - a box of beasts
   (You bought it in a shop on level 2 of the Vaults)
 Z - a phial of floods
   (You found it on level 15 of the Dungeon)


   Skills:
 - Level 20.0 Fighting
 - Level 6.0 Short Blades
 - Level 1.7 Throwing
 - Level 20.0 Dodging
 + Level 6.7 Stealth
 - Level 15.0 Shields
 - Level 20.0 Spellcasting
 - Level 10.0 Conjurations
 - Level 4.0 Summonings
 - Level 3.0 Necromancy
 - Level 8.0 Transmutations
 - Level 20.0 Fire Magic
 - Level 20.0 Air Magic
 - Level 15.0 Invocations
 - Level 13.0 Evocations


You had 12 spell levels left.
You knew the following spells:

 Your Spells              Type           Power      Damage    Failure   Level
a - Plasma Beam           Fire/Air       70%        2x1d87    1%          6
b - Ignition              Fire           70%        3d19      1%          8
c - Maxwell's Capacitive  Air            58%        ∞         1%          8
d - Airstrike             Air            58%        2d(9-25)  0%          4
e - Yara's Violent Unrav  Hex/Tmut       32%        3d13      2%          5
f - Summon Lightning Spi  Summ/Air       96%        N/A       1%          4
g - Arcjolt               Conj/Air       52%        1d62      1%          5
h - Sublimation of Blood  Necr           60%        N/A       1%          2
i - Dispel Undead         Necr           60%        3d21      1%          4
z - Irradiate             Conj/Tmut      43%        3d26      1%          5
Y - Blink                 Tloc           82%        N/A       1%          2

Your spell library contained the following spells:

 Spells                   Type           Power      Damage    Failure   Level
 Foxfire                  Conj/Fire      100%       2x1d9     0%          1
 Magic Dart               Conj           100%       1d8       0%          1
 Shock                    Conj/Air       100%       1d9       0%          1
 Scorch                   Fire           100%       2d9       0%          2
 Static Discharge         Conj/Air       100%       2-7/arc   0%          2
 Swiftness                Air            100%       N/A       0%          3
 Flame Wave               Conj/Fire      100%       2d21      0%          4
 Sticky Flame             Conj/Fire      100%       2d11      0%          4
 Beastly Appendage        Tmut           100%       N/A       1%          1
 Kiss of Death            Conj/Necr      100%       2d13      1%          1
 Necrotise                Necr           100%       1d9       1%          1
 Slow                     Hex            100%       N/A       1%          1
 Sting                    Tmut/Pois      100%       1d8       1%          1
 Cigotuvi's Dreadful Rot  Necr/Pois/Air  100%       N/A       1%          2
 Ensorcelled Hibernation  Hex/Ice        82%        N/A       1%          2
 Lesser Beckoning         Tloc           82%        N/A       1%          2
 Momentum Strike          Conj/Tloc      100%       3d10      1%          2
 Poisonous Vapours        Pois/Air       100%       N/A       1%          2
 Searing Ray              Conj           100%       2d8       1%          2
 Wereblood                Tmut           82%        N/A       1%          2
 Confusing Touch          Hex            41%        N/A       1%          3
 Dazzling Flash           Conj/Hex       100%       N/A       1%          3
 Hailstorm                Conj/Ice       70%        3d15      1%          3
 Inner Flame              Hex/Fire       100%       N/A       1%          3
 Ozocubu's Armour         Ice            41%        N/A       1%          3
 Spider Form              Tmut/Pois      65%        N/A       1%          3
 Stone Arrow              Conj/Erth      100%       3d13      1%          3
 Tukima's Dance           Hex            41%        N/A       1%          3
 Vampiric Draining        Necr           60%        2d10      1%          3
 Vhi's Electric Charge    Tloc/Air       100%       N/A       1%          3
 Volatile Blastmotes      Fire/Tloc      100%       2d18      1%          3
 Animate Dead             Necr           60%        N/A       1%          4
 Fulminant Prism          Conj/Hex       35%        3d17      1%          4
 Ice Form                 Ice/Tmut       65%        N/A       1%          4
 Iskenderun's Mystic Bla  Conj/Tloc      70%        2d14      1%          4
 Petrify                  Tmut/Erth      65%        N/A       1%          4
 Blade Hands              Tmut           41%        N/A       1%          5
 Fireball                 Conj/Fire      64%        3d24      1%          5
 Silence                  Hex/Air        44%        N/A       1%          5
 Starburst                Conj/Fire      64%        6d17      1%          6
 Anguish                  Hex/Necr       26%        N/A       2%          4
 Alistair's Intoxication  Tmut/Pois      43%        N/A       2%          5
 Agony                    Necr           60%        N/A       3%          5
 Manifold Assault         Tloc           41%        N/A       4%          4
 Olgreb's Toxic Radiance  Pois           41%        N/A       4%          4
 Passage of Golubria      Tloc           41%        N/A       4%          4
 Summon Forest            Summ/Tloc      27%        N/A       6%          5
 Borgnjor's Vile Clutch   Necr/Erth      26%        N/A       7%          5
 Leda's Unmaking          Conj/Erth      35%        9d6       9%          6
 Metabolic Englaciation   Hex/Ice        20%        N/A       12%         5
 Eringya's Noxious Bog    Tmut/Pois      32%        N/A       13%         6
 Statue Form              Tmut/Erth      43%        N/A       13%         6
 Summon Cactus Giant      Summ           32%        N/A       13%         6
 Dragon Form              Tmut           41%        N/A       14%         7
 Death Channel            Necr           30%        N/A       21%         6
 Simulacrum               Ice/Necr       26%        N/A       34%         6
 Dispersal                Tloc           20%        N/A       52%         6
 Summon Hydra             Summ           32%        N/A       56%         7
 Haunt                    Necr/Summ      31%        N/A       63%         7
 Necromutation            Tmut/Necr      36%        N/A       95%         8
 Enfeeble                 Hex            20%        N/A       97%         7
 Lehudib's Crystal Spear  Conj/Erth      35%        10d9      97%         8
 Borgnjor's Revivificati  Necr           30%        N/A       100%        8
 Discord                  Hex            20%        N/A       100%        8
 Disjunction              Tloc           20%        N/A       100%        8
 Infestation              Necr           30%        N/A       100%        8
 Dragon's Call            Summ           32%        N/A       100%        9
 Animate Armour           Summ/Erth      Unusable   N/A       N/A         4

Dungeon Overview and Level Annotations

Branches:
Dungeon (15/15)            Temple (1/1) D:5            Lair (5/5) D:9
 Shoals (4/4) Lair:3       Spider (4/4) Lair:2        Slime (2/5) Lair:4
    Orc (2/2) D:9             Elf (3/3) Orc:2        Vaults (5/5) D:14
  Crypt (3/3) Vaults:3       Tomb (0/3) Crypt:3      Depths (4/4) D:15
    Zot (5/5) Depths:4    Ossuary (visited)

Altars:
Ashenzari
Cheibriados
Elyvilon
Fedhas
Gozag
Hepliaklqana
Kikubaaqudgha
Makhleb
Nemelex Xobeh
Qazlal
Ru
Sif Muna
Trog
Uskayaw
Vehumet
Wu Jian
Xom
Yredelemnul
Zin
The Shining One

Shops:
D:5 *   D:6 *[   Orc:1 :   Orc:2 *=(?   Elf:1 ::!   Elf:3 ?   Shoals:1 [
Vaults:1 :   Vaults:2 ((*[   Vaults:4 [

Portals:
Hell: Depths:1 Depths:2 Depths:3 Depths:4
Abyss: Depths:1 Depths:3
Pandemonium: Depths:1 Depths:2

Annotations:
Lair:4 3 runed translucent doors, exclusion: 3 doors, Intyapus's ghost, journeyman GnSu
Elf:2 5 runed translucent doors, exclusion: door
Vaults:3 8 runed translucent doors, Gargoyl's ghost, adept GrBe
Depths:2 1 exclusion
Zot:5 1 runed translucent door, exclusion: door, Wyzoinim's ghost, legendary GrMo


Innate Abilities, Weirdness & Mutations

You can breathe blasts of scalding, opaque steam.
Your pale cyan-grey scales are hard. (AC +12)
You cannot fit into any form of body armour.
You are cold-blooded and may be slowed by cold attacks.
You are immune to the effects of steam.
You have hidden genetic defects.


Message History

Casting: Plasma Beam (safe; 1% risk of failure)
Press: ? - help, Dir - look around, f - activate You feel a surge of power!
The bolt of lightning hits the Brimstone Fiend!!!
The Brimstone Fiend is severely wounded.
The fiery plasma hits the Brimstone Fiend.
The Brimstone Fiend completely resists.
The Brimstone Fiend is severely wounded.
Casting: Plasma Beam (safe; 1% risk of failure)
Confirm with . or Enter, or press ? or * to list all spells.
Casting: Plasma Beam (safe; 1% risk of failure)
Press: ? - help, Dir - look around, f - activate You feel a surge of power!
The bolt of lightning hits the Brimstone Fiend!!!
You kill the Brimstone Fiend!
Cheibriados thoroughly appreciates the change of pace.
(D) Dungeon (T) Temple (L) Lair (A) Shoals (N) Spider Nest (M) Slime Pits (O) Orcish Mines (E) Elven Halls (V) Vaults (C) Crypt (W) Tomb (U) Depths (H) Hell (Z) Zot
Where to? (Enter - D:1 @ (x,y), ? - help)
There is a stone staircase leading up here.
You climb upwards.
There is a stone staircase leading down here.
Magic restored.
Things that are here:
a +0 chain mail; a +0 whip; a +0 hand axe
Things that are here:
a +0 plate armour; a +0 mace
Things that are here:
a +0 ring mail; a +0 flail A smoke demon comes into view.
There is a stone staircase leading up here.
Casting: Plasma Beam (safe; 1% risk of failure)
Confirm with . or Enter, or press ? or * to list all spells.
Casting: Plasma Beam (safe; 1% risk of failure)
Press: ? - help, Dir - look around, f - activate You feel a surge of power!
The bolt of lightning hits the smoke demon!!!!
You kill the smoke demon!
Cheibriados appreciates the change of pace.
(D) Dungeon (T) Temple (L) Lair (A) Shoals (N) Spider Nest (M) Slime Pits (O) Orcish Mines (E) Elven Halls (V) Vaults (C) Crypt (W) Tomb (U) Depths (H) Hell (Z) Zot
Where to? (Enter - D:1 @ (x,y), ? - help)
You climb upwards.
There is a stone staircase leading down here.
Magic restored.
An Enoytun, an ancient lich and a ynoxinul come into view.
Blink to where?
Press: ? - help, Dir - move target
As you read the scroll of blinking {@r4}, it crumbles to dust.
Enoytun moves out of view.
The ancient lich moves out of view.
The ynoxinul moves out of view.
You climb upwards.
There is a stone staircase leading down here.
(D) Dungeon (T) Temple (L) Lair (A) Shoals (N) Spider Nest (M) Slime Pits (O) Orcish Mines (E) Elven Halls (V) Vaults (C) Crypt (W) Tomb (U) Depths (H) Hell (Z) Zot
Where to? (Enter - D:1 @ (x,y), ? - help)
There is a stone staircase leading up here.
You climb upwards.
There is a stone staircase leading down here.
A chaos spawn comes into view.
Casting: Plasma Beam (safe; 1% risk of failure)
Confirm with . or Enter, or press ? or * to list all spells.
Casting: Plasma Beam (safe; 1% risk of failure)
Press: ? - help, Dir - look around, f - activate You feel a surge of power!
The bolt of lightning hits the chaos spawn!!!
You kill the chaos spawn!
Cheibriados appreciates the change of pace.
The chaos spawn degenerates into a cloud of primal chaos!
(D) Dungeon (T) Temple (L) Lair (A) Shoals (N) Spider Nest (M) Slime Pits (O) Orcish Mines (E) Elven Halls (V) Vaults (C) Crypt (W) Tomb (U) Depths (H) Hell (Z) Zot
Where to? (Enter - D:1 @ (x,y), ? - help) Magic restored.
You see here a +0 halberd.
There is a stone staircase leading up here.
You climb upwards.
There is a stone staircase leading down here.
There is a stone staircase leading up here.
You climb upwards.
There is a stone staircase leading down here.
There is a stone staircase leading up here.
You climb upwards.
There is a stone staircase leading down here.
There is a stone staircase leading up here.
You climb upwards.
There is a stone staircase leading down here.
You see here 8 stones.
There is a stone staircase leading up here.
You climb upwards.
There is a stone staircase leading down here.
There is a staircase leading out of the dungeon here.
You have escaped!

#.................#...###.......
#.########.#####......##.###....
##.# #.# #....###..##..... #..#
#.# #.....#.....#.... #.## #.#
#.........#...... #.#
#.######.##.##.##.#.#.# #.#
#...##.####.##.##.....# #.#
######># #.##.######## #.# #@#
##.##.# #.# #.# #.....# #.# ###
#.###....#####
#.######.#######.#.#....#...##
#.......#..........##.#..###.###
########......####.##.#..# #...#
##.......###.##.#..###.#.#
#.........##.##.#.#...##.##
#.........)..##.#.##.###...


There were no monsters in sight!

Vanquished Creatures
  5 dread liches
  2 orbs of fire (Zot:5)
  7 ancient liches
  A juggernaut (Depths:3)
  Parghit (Depths:4)
  5 Killer Klowns (Zot:5)
  Bai Suzhen (Elf:3)
  8 caustic shrikes (Depths:3)
  3 curse toes
  Xtahua (Depths:3)
  Nikola (Spider:3)
  11 golden dragons
  Jory (Vaults:2)
  A bone dragon (Zot:2)
  Arachne (Spider:3)
  3 electric golems
  A Brimstone Fiend (D:10)
  28 Orb Guardians
  Mlioglotl (Spider:4)
  14 tentacled monstrosities
  9 liches
  A walking earthen tome (Depths:3)
  5 titans
  2 deep elf blademasters (Elf:3)
  2 walking frostbound tomes (Depths:3)
  5 death cobs
  2 deep elf master archers (Elf:3)
  6 sphinxes
  8 ancient champions
  4 quicksilver dragons
  An Executioner (Zot:5)
  14 shadow dragons
  17 storm dragons
  12 fire giants
  10 tengu reavers
  4 draconian monks
  6 revenants
  5 deep elf sorcerers (Elf:3)
  5 iron dragons
  An azure jelly (Slime:1)
  3 rockslimes (Slime:1)
  2 draconian scorchers
  13 emperor scorpions
  11 frost giants
  3 draconian knights
  The ghost of Wolaime the Eclecticist, a journeyman OpVM of Gozag (Spider:1)
  Louise (D:15)
  The ghost of mn3067 the Peltast, an adept GrBe of Trog (Spider:1)
  6 draconian shifters
  13 vault wardens
  2 draconian stormcallers
  11 ghost moths
  A cacodemon (Zot:2)
  3 formless jellyfish
  3 deep elf elementalists (Elf:3)
  16 ghouls
  2 spriggan defenders (Depths:3)
  2 curse skulls (Crypt:2)
  4 draconian annihilators
  An orc warlord (Orc:2)
  An angel (Depths:2)
  2 quicksilver oozes (Slime:1)
  2 war gargoyles
  10 very ugly things
  6 ironbound thunderhulks
  9 vampire knights
  14 stone giants
  2 caustic shrike skeletons
  10 ironbound preservers
  7 green draconians
  4 deep elf demonologists (Elf:3)
  A reaper (Crypt:1)
  5 dire elephants (Vaults:1)
  12 yellow draconians
  12 white draconians
  2 minotaurs (Shoals:4)
  13 red draconians
  11 spark wasps
  8 purple draconians
  9 black draconians
  7 deep elf annihilators
  16 ettins
  7 eidola
  The ghost of Eddy6969 the Destroyer, a journeyman DrCj of Fedhas (Spider:1)
  4 merfolk impalers
  13 deep elf death magi
  A merfolk javelineer (Shoals:4)
  2 crystal guardians (Vaults:3)
  A fire dragon (shapeshifter) (Vaults:5)
  A blizzard demon (Depths:1)
  5 jiangshi
  15 yaktaur captains
  6 deep elf high priests
  2 spriggan zombies (Crypt:3)
  5 fire dragons
  14 ice dragons
  4 great orbs of eyes
  8 entropy weavers
  40 vault guards
  Erolcha (D:9)
  The ghost of Amenor the Arsonist, a journeyman OpFE of Sif Muna (D:13)
  11 hydras
  8 rakshasas
  3 spriggan air magi
  A catoblepas (Lair:1)
  A peacekeeper (Vaults:3)
  A spriggan skeleton (Depths:2)
  3 jorogumos
  4 merfolk avatars
  6 radroaches
  5 death knights
  Harold (D:9)
  7 centaur warriors
  3 ogre magi (Vaults:5)
  Erica (D:8)
  An alligator (shapeshifter) (D:15)
  5 ironbound frosthearts
  9 merfolk aquamancers
  11 satyrs (Shoals:4)
  11 boulder beetles
  7 death scarabs (Spider:4)
  2 two-headed ogres (D:12)
  12 deep troll shamans
  A hell hog (Depths:2)
  11 dancing weapons
  5 orc high priests (Orc:2)
  6 deep troll earth magi
  7 death yaks
  A titan zombie (Crypt:1)
  8 vampire magi
  9 demonic crawlers
  9 spriggan berserkers
  11 tengu warriors
  2 shock serpents (Zig:2)
  5 soul eaters
  11 hell knights
  A sun demon (Depths:1)
  Sonja (D:10)
  8 spriggans
  8 deep elf knights
  11 iron trolls
  3 shadow wraiths
  14 pharaoh ants
  36 skeletal warriors
  6 skysharks
  An iron giant zombie (Crypt:3)
  5 sixfirhies
  A spark wasp zombie (Depths:2)
  A sun moth (Spider:3)
  An anaconda zombie (Crypt:1)
  48 deep trolls
  8 flayed ghosts
  A storm dragon skeleton (Crypt:3)
  3 bog bodies (Crypt:1)
  12 sea snakes
  10 orb spiders
  4 deep elf archers (Elf:1)
  15 phantasmal warriors
  A bunyip skeleton (Crypt:3)
  3 glowing orange brains
  6 lindwurms
  A tengu zombie (Depths:2)
  A shadow demon (Depths:2)
  2 spectral wolf spiders (Spider:4)
  An anaconda skeleton (Crypt:3)
  6 wizards
  12 necromancers
  A fenstrider witch simulacrum (Crypt:1)
  6 steelbarb worms
  10 orc knights
  A wolf spider zombie (Crypt:1)
  A wolf spider (shapeshifter) (Vaults:5)
  27 harpies
  15 deep elf pyromancers
  A sphinx zombie (Crypt:3)
  Pikel (D:5)
  28 wolf spiders
  10 ironbound convokers
  32 ugly things
  A fire giant zombie (Crypt:3)
  A frost giant zombie (Crypt:2)
  An iron dragon zombie (Crypt:2)
  5 cyclopes
  11 deep elf zephyrmancers
  An orc sorcerer (Orc:2)
  A broodmother zombie (Spider:4)
  A shadow dragon skeleton (Crypt:3)
  15 manticores
  24 moths of wrath
  9 elephants
  7 fauns
  A black mamba (shapeshifter) (D:15)
  A dire elephant zombie (Crypt:3)
  A centaur zombie (Crypt:3)
  9 vault sentinels
  13 cane toads
  5 merfolk sirens
  10 water nymphs
  5 orange demons
  7 black mambas
  2 smoke demons
  2 molten gargoyles (Lair:5)
  6 torpor snails
  An apocalypse crab (Zig:1)
  2 centaur skeletons
  6 freezing wraiths
  A dire elephant skeleton (Crypt:3)
  3 kobold demonologists (D:10)
  2 tormentors
  A swamp worm zombie (Crypt:2)
  2 spectral redbacks (Spider:4)
  9 komodo dragons
  A rime drake (Lair:4)
  26 yaktaurs
  A rime drake (shapeshifter) (Vaults:5)
  An ice devil (Depths:1)
  A bunyip simulacrum (Crypt:3)
  6 tengu conjurers
  A yaktaur (shapeshifter) (Depths:3)
  2 guardian mummies
  2 red devils
  A human skeleton (Vaults:2)
  2 polar bears
  5 tarantella zombies
  3 spectral culicivoras (Spider:4)
  8 hornets
  5 trolls
  8 wind drakes
  A hydra skeleton (Crypt:1)
  A raiju (Zig:2)
  20 merfolk
  29 tarantellas
  9 blink frogs
  2 harpy skeletons
  A fire dragon zombie (Crypt:2)
  5 spectral jumping spiders (Spider:4)
  A wolf spider simulacrum (D:14)
  4 spectral tarantellas (Spider:4)
  An ice dragon zombie (Crypt:1)
  4 dream sheep (Shoals:2)
  7 large abominations
  6 snapping turtles
  A raiju (shapeshifter) (D:15)
  A culicivora zombie (Spider:4)
  A black mamba zombie (Crypt:3)
  A jumping spider (shapeshifter) (Vaults:5)
  10 flying skulls
  22 jumping spiders
  61 slime creatures
  4 air elementals
  26 culicivoras
  An ettin skeleton (Crypt:3)
  A shadow (D:13)
  A centaur simulacrum (Crypt:1)
  A fire elemental (Elf:3)
  6 wyverns
  11 wraiths
  A ynoxinul (Depths:1)
  21 water elementals
  Eustachio (D:4)
  24 yaks
  10 basilisks
  9 humans (D:14)
  A black mamba skeleton (Crypt:3)
  An elf skeleton (Vaults:2)
  2 steam dragons (Lair:5)
  14 vampire mosquitoes
  A neqoxec (D:11)
  3 chaos spawn
  48 redbacks
  2 spriggan simulacra
  2 wargs
  4 hell hounds (Lair:5)
  14 water moccasins
  3 acid dragons
  3 black bears
  41 orc warriors
  An ice beast (D:8)
  2 sky beasts (D:7)
  A black bear (shapeshifter) (Vaults:5)
  3 ogres
  12 boggarts
  9 centaurs
  15 wolves
  A rime drake zombie (Crypt:1)
  2 lemures (D:4)
  A kobold brigand (D:7)
  Blork the orc (D:5)
  3 elf zombies
  A bullfrog (shapeshifter) (D:15)
  A vine stalker zombie (Crypt:3)
  6 necrophages
  4 scorpions
  A gnoll sergeant (D:8)
  13 bullfrogs
  An earth elemental (Elf:1)
  A naga simulacrum (Crypt:3)
  2 shapeshifter zombies
  10 wights
  A troll zombie (Crypt:3)
  A human simulacrum (Vaults:2)
  A warg skeleton (Crypt:2)
  3 howler monkeys
  20 killer bees
  7 electric eels
  5 lava snakes (Lair:5)
  3 hounds
  2 jellies
  30 orc priests
  A sleepcap (D:4)
  Jessica (D:3)
  7 hell rats
  Ijyb (D:3)
  Natasha (thrice) (D:3)
  6 iguanas
  18 orc wizards
  Terence (D:2)
  2 naga skeletons
  A hound skeleton (Crypt:1)
  20 mummies
  Robin (D:3)
  6 gnolls
  12 adders
  A steam dragon zombie (Crypt:1)
  3 shadow imps
  2 white imps
  An ufetubus (D:6)
  4 worms
  A dart slug (D:1)
  102 orcs
  5 bats
  A bat skeleton (Crypt:2)
  7 endoplasms
  5 giant cockroaches
  A gnoll zombie (Ossuary)
  20 goblins
  11 hobgoblins
  2 jackals (D:1)
  3 quokkas
  7 ball pythons
  2 frilled lizards
  4 hobgoblin zombies (Ossuary)
  16 kobolds
  2 kobold zombies (Ossuary)
  An orc zombie (Ossuary)
  2 rats (D:1)
2301 creatures vanquished.

Vanquished Creatures (collateral kills)
  A tentacled monstrosity (Zot:1)
  2 emperor scorpions
  A broodmother (Spider:1)
  3 death yaks (Lair:3)
  2 boulder beetles
  A demonic crawler (Spider:2)
  2 orb spiders
  2 wolf spiders (Spider:3)
  3 elephants (Lair:4)
  A torpor snail (Spider:2)
  A redback zombie (Spider:4)
  A merfolk (Shoals:3)
  A polar bear (Lair:1)
  A troll (D:9)
  A tarantella (Spider:2)
  A blink frog (Lair:3)
  5 jumping spiders
  2 culicivoras (Spider:1)
  5 yaks
  A vampire mosquito (D:10)
  2 redbacks (Spider:1)
  A water moccasin (Lair:4)
  3 orc warriors
  An ogre (Orc:2)
  2 wolves (Lair:2)
  5 wights (D:9)
  3 killer bees (D:9)
  3 orc priests (Orc:2)
  2 orc wizards
  7 orcs
66 creatures vanquished.

Vanquished Creatures (others)
  A vault guard (D:14)
  A tarantella (Spider:3)
  A culicivora (Spider:4)
  A redback (Spider:4)
4 creatures vanquished.

Grand Total: 2371 creatures vanquished

Notes
Turn   | Place    | Note
-------+----------+-------------------------------------------
     0 | D:1      | EnegeticOcto the Draconian Brigand began the quest for the
                  | Orb.
     0 | D:1      | Reached XP level 1. HP: 17/17 MP: 1/1
   212 | D:1      | Reached skill level 3 in Fighting
   212 | D:1      | Reached XP level 2. HP: 26/26 MP: 2/2
   594 | D:1      | Reached XP level 3. HP: 24/33 MP: 3/3
   609 | D:1      | Reached skill level 4 in Fighting
  1301 | D:2      | Noticed Terence
  1311 | D:2      | Killed Terence
  1312 | D:2      | Reached XP level 4. HP: 41/41 MP: 4/4
  1723 | D:3      | Reached skill level 5 in Fighting
  1723 | D:3      | Noticed Robin
  1727 | D:3      | Reached skill level 1 in Dodging
  2057 | D:3      | Noticed Natasha
  2062 | D:3      | Noticed Jessica
  2083 | D:3      | Killed Jessica
  2195 | D:3      | Reached skill level 2 in Dodging
  2252 | D:3      | Killed Natasha
  2253 | D:3      | Reached XP level 5. HP: 26/48 MP: 5/5
  2270 | D:3      | Noticed Natasha
  2349 | D:3      | Killed Natasha
  2350 | D:3      | Reached skill level 3 in Short Blades
  2401 | D:3      | Found a burning altar of Makhleb.
  2430 | D:3      | Noticed a black bear
  2441 | D:3      | Noticed Natasha
  2445 | D:3      | Killed a black bear
  2446 | D:3      | Reached skill level 4 in Short Blades
  2466 | D:3      | Killed Natasha
  2467 | D:3      | Reached XP level 6. HP: 15/56 MP: 6/6
  2650 | D:3      | Killed Robin
  2704 | D:3      | Noticed Ijyb
  2757 | D:3      | Killed Ijyb
  2897 | D:3      | Reached skill level 5 in Short Blades
  3188 | D:3      | Noticed a green death
  3191 | D:3      | Noticed an orange demon
  3191 | D:3      | Noticed a neqoxec
  3352 | D:4      | Found a radiant altar of Vehumet.
  3756 | D:4      | Reached skill level 6 in Short Blades
  3756 | D:4      | Your scales start taking on a pale cyan-grey colour.
  3756 | D:4      | Reached XP level 7. HP: 61/61 MP: 7/7
  3756 | D:4      | Gained mutation: You are immune to the effects of steam.
                  | [Pale Draconian growth]
  3761 | D:4      | Learned a level 3 spell: Swiftness
  4082 | D:4      | Noticed Eustachio
  4146 | D:4      | Killed Eustachio
  4147 | D:4      | Reached skill level 1 in Spellcasting
  4147 | D:4      | Reached skill level 1 in Air Magic
  4463 | D:4      | Learned a level 4 spell: Airstrike
  4485 | D:5      | Entered Level 5 of the Dungeon
  4552 | D:5      | Reached skill level 2 in Air Magic
  4636 | D:5      | Reached skill level 6 in Fighting
  4636 | D:5      | Reached skill level 2 in Spellcasting
  4734 | D:5      | Found Hirung's Assorted Antiques.
  4743 | D:5      | Bought a scroll labelled SYKKIKHL RIMA for 22 gold pieces
  4743 | D:5      | Bought a bubbling pink potion for 19 gold pieces
  4743 | D:5      | Bought a shiny gold wand for 88 gold pieces
  4823 | D:5      | Reached skill level 3 in Air Magic
  4846 | D:5      | Reached XP level 8. HP: 63/70 MP: 11/11
  4875 | D:5      | Found a bloodstained altar of Trog.
  4885 | D:5      | Found a staircase to the Ecumenical Temple.
  4917 | Temple   | Entered the Ecumenical Temple
  4950 | Temple   | Became a worshipper of Cheibriados the Contemplative
  5454 | D:5      | Reached skill level 3 in Spellcasting
  5690 | D:5      | Noticed Blork the orc
  5717 | D:5      | Killed Blork the orc
  5730 | D:5      | Found a shimmering blue altar of Sif Muna.
  5877 | D:5      | Noticed Pikel
  5901 | D:5      | Reached skill level 4 in Air Magic
  5925 | D:5      | Killed Pikel
  5926 | D:5      | Reached skill level 7 in Fighting
  5926 | D:5      | Reached skill level 4 in Spellcasting
  5926 | D:5      | Reached skill level 6 in Air Magic
  6644 | D:6      | Reached skill level 7 in Air Magic
  6644 | D:6      | Reached XP level 9. HP: 79/79 MP: 15/15
  6665 | D:6      | Found Kuutrun's Assorted Antiques.
  6669 | D:6      | Bought a scroll labelled FOULIABYT for 35 gold pieces
  6669 | D:6      | Bought a scroll labelled FUUWAL CUNTE for 35 gold pieces
  6669 | D:6      | Bought a scroll labelled NETIDGHOTOE for 35 gold pieces
  6877 | D:6      | Reached * piety under Cheibriados
  6938 | D:6      | Reached skill level 8 in Air Magic
  7038 | D:6      | Found Xoha's Armour Emporium.
  7367 | D:7      | Found a sand-covered staircase.
  7374 | Ossuary  | Entered an ossuary
  7614 | Ossuary  | Reached skill level 1 in Shields
  7813 | D:6      | Bought a +2 pair of gloves for 181 gold pieces
  8058 | D:7      | Reached skill level 2 in Shields
  8149 | D:7      | Reached skill level 9 in Air Magic
  8167 | D:7      | Learned a level 2 spell: Static Discharge
  8172 | D:7      | Learned a level 4 spell: Summon Lightning Spire
  8418 | D:7      | Reached skill level 3 in Shields
  8531 | D:7      | Reached skill level 1 in Summonings
  8980 | D:8      | Reached ** piety under Cheibriados
  9113 | D:8      | Reached skill level 2 in Summonings
  9231 | D:8      | Found a basalt altar of Yredelemnul.
  9356 | D:8      | Noticed Erica
  9770 | D:8      | Killed Erica
  9771 | D:8      | Reached skill level 5 in Spellcasting
  9771 | D:8      | Reached skill level 3 in Summonings
  9771 | D:8      | Reached XP level 10. HP: 63/86 MP: 1/17
  9894 | D:8      | Reached skill level 10 in Air Magic
 10161 | D:8      | Found a sacrificial altar of Ru.
 10175 | D:8      | Reached skill level 4 in Summonings
 10534 | D:9      | Reached skill level 6 in Spellcasting
 10590 | D:9      | Found a staircase to the Lair.
 10597 | D:9      | Reached *** piety under Cheibriados
 10693 | D:9      | Reached skill level 7 in Spellcasting
 10724 | D:9      | Reached skill level 1 in Invocations
 10724 | D:9      | Reached skill level 1 in Evocations
 10832 | D:9      | Reached skill level 2 in Invocations
 10832 | D:9      | Reached skill level 2 in Evocations
 10839 | D:9      | Reached skill level 3 in Invocations
 10839 | D:9      | Reached skill level 3 in Evocations
 11113 | D:9      | Reached skill level 4 in Invocations
 11113 | D:9      | Reached skill level 4 in Evocations
 11207 | D:9      | Reached **** piety under Cheibriados
 11211 | D:9      | Reached skill level 5 in Invocations
 11423 | D:9      | Reached XP level 11. HP: 92/92 MP: 1/21
 11545 | D:9      | Found a staircase to the Orcish Mines.
 11679 | D:9      | Reached skill level 6 in Invocations
 11786 | D:9      | Noticed Erolcha
 11796 | D:9      | Killed Erolcha
 11797 | D:9      | Reached skill level 7 in Invocations
 11982 | D:9      | Found a white marble altar of Elyvilon.
 12046 | D:9      | Noticed Harold
 12054 | D:9      | Killed Harold
 12185 | D:9      | Found a glowing silver altar of Zin.
 12185 | D:9      | Noticed an angel
 12365 | D:10     | Entered Level 10 of the Dungeon
 12621 | D:10     | Reached skill level 8 in Invocations
 12627 | D:10     | Reached ***** piety under Cheibriados
 13023 | D:10     | Found a sparkling altar of Nemelex Xobeh.
 13084 | D:10     | Noticed Sonja
 13087 | D:10     | Killed Sonja
 13088 | D:10     | Reached skill level 9 in Invocations
 13407 | D:10     | Found a glowing golden altar of the Shining One.
 13601 | D:10     | Reached skill level 3 in Dodging
 13951 | D:10     | Reached skill level 4 in Dodging
 14178 | Lair:1   | Entered Level 1 of the Lair of Beasts
 14274 | Lair:1   | Reached skill level 5 in Dodging
 14520 | Lair:1   | Noticed a boulder beetle
 14784 | Lair:1   | Killed a boulder beetle
 14785 | Lair:1   | Reached skill level 6 in Dodging
 14795 | Lair:1   | Learned a level 6 spell: Plasma Beam
 14856 | Lair:1   | Reached skill level 4 in Shields
 14861 | Lair:1   | Reached skill level 1 in Fire Magic
 15080 | Lair:1   | Reached skill level 2 in Fire Magic
 15110 | Lair:1   | Noticed a catoblepas
 15120 | Lair:1   | Killed a catoblepas
 15176 | Lair:1   | Reached skill level 5 in Shields
 15176 | Lair:1   | Reached skill level 3 in Fire Magic
 15176 | Lair:1   | Reached XP level 12. HP: 100/100 MP: 13/22
 15237 | Lair:1   | Reached skill level 4 in Fire Magic
 15714 | Lair:2   | Reached skill level 5 in Fire Magic
 15941 | Lair:2   | Found a hole to the Spider Nest.
 16123 | Lair:2   | Reached skill level 6 in Fire Magic
 16216 | Lair:2   | Reached skill level 7 in Fire Magic
 16486 | Lair:2   | Reached skill level 8 in Fire Magic
 17242 | Lair:3   | Reached skill level 9 in Fire Magic
 17243 | Lair:3   | Noticed a boulder beetle
 17785 | Lair:3   | Found a staircase to the Shoals.
 17861 | Lair:3   | Killed a boulder beetle
 17862 | Lair:3   | Reached skill level 10 in Fire Magic
 18695 | Lair:3   | Learned a level 5 spell: Arcjolt
 18734 | Lair:4   | Found a staircase to the Slime Pits.
 18738 | Lair:3   | Reached ****** piety under Cheibriados
 18876 | Lair:4   | Noticed a death yak
 18876 | Lair:4   | Noticed a death yak
 18876 | Lair:4   | Noticed a death yak
 18876 | Lair:4   | Noticed a death yak
 18876 | Lair:4   | Noticed a death yak
 18876 | Lair:4   | Noticed a death yak
 19618 | Lair:3   | Killed a death yak
 19619 | Lair:3   | Reached skill level 1 in Conjurations
 19621 | Lair:3   | Killed a death yak
 19625 | Lair:3   | Killed a death yak
 19626 | Lair:3   | Reached skill level 8 in Fighting
 19626 | Lair:3   | Reached skill level 2 in Conjurations
 19805 | Lair:4   | Noticed a seven-headed hydra
 19809 | Lair:4   | Killed a seven-headed hydra
 19811 | Lair:4   | Reached XP level 13. HP: 107/107 MP: 2/24
 20041 | Lair:4   | Reached skill level 3 in Conjurations
 20231 | Lair:4   | Reached skill level 8 in Spellcasting
 20684 | Lair:4   | Found a runed translucent gate.
 20684 | Lair:4   | Found a runed translucent gate.
 20684 | Lair:4   | Found a runed translucent gate.
 20685 | Lair:4   | Noticed a minotaur
 20686 | Lair:4   | Noticed Intyapus's ghost (journeyman GnSu)
 20912 | Lair:4   | Reached skill level 4 in Conjurations
 21114 | Lair:4   | Found a blossoming altar of Fedhas.
 21374 | Lair:4   | Reached skill level 9 in Fighting
 21886 | Lair:5   | Entered Level 5 of the Lair of Beasts
 22084 | Lair:5   | Reached skill level 5 in Conjurations
 22240 | Lair:4   | Reached skill level 9 in Spellcasting
 22688 | Lair:5   | Reached skill level 10 in Fighting
 22701 | Lair:4   | Reached skill level 6 in Conjurations
 24178 | Orc:1    | Entered Level 1 of the Orcish Mines
 24199 | D:9      | Reached skill level 11 in Fighting
 24654 | Orc:1    | Found Umotwepn's Book Shop.
 24804 | Orc:2    | Entered Level 2 of the Orcish Mines
 26175 | Orc:2    | Reached skill level 12 in Fighting
 27132 | Orc:2    | Noticed an orc warlord
 28309 | Orc:2    | Killed an orc warlord
 28310 | Orc:2    | Reached XP level 14. HP: 114/126 MP: 4/27
 29151 | Orc:2    | Found a staircase to the Elven Halls.
 29394 | Orc:2    | Reached skill level 10 in Spellcasting
 29725 | Orc:2    | Found Mebuxkus's General Store.
 29728 | Orc:2    | Found Mublapoe's Weapon Shop.
 29729 | Orc:2    | Found Ruig's Magic Scroll Boutique.
 29730 | Orc:2    | Found Gizxiadgh's Jewellery Boutique.
 29733 | Orc:2    | Bought a scroll of blinking for 97 gold pieces
 29733 | Orc:2    | Bought a scroll of teleportation for 39 gold pieces
 29733 | Orc:2    | Bought a scroll of teleportation for 39 gold pieces
 29733 | Orc:2    | Bought a scroll of fear for 52 gold pieces
 29736 | Orc:2    | Bought an amulet of magic regeneration for 450 gold pieces
 29742 | Orc:2    | Bought a potion of heal wounds for 65 gold pieces
 29742 | Orc:2    | Bought 2 stones for 2 gold pieces
 30357 | D:12     | Reached skill level 11 in Spellcasting
 30698 | D:12     | Found a broken altar of Ashenzari.
 32014 | D:13     | Identified the +4 dagger of Zaivaideg {heavy, Int+4 Dex+3}
 32577 | D:13     | Found a runed translucent door.
 32686 | D:13     | Noticed Amenor's ghost (journeyman OpFE)
 32703 | D:13     | Killed Amenor's ghost
 32767 | D:13     | Identified the ring of Dihighyx {Wiz +Blink rElec rCorr
                  | Stlth-}
 33094 | D:14     | Identified the +2 pair of gloves of the Hills {rC+ Will-
                  | rCorr Slay+5}
 33217 | D:14     | Reached skill level 6 in Shields
 33582 | D:14     | Found a gate to the Vaults.
 33873 | D:15     | Entered Level 15 of the Dungeon
 33990 | D:15     | Reached skill level 11 in Air Magic
 34000 | D:15     | Identified the -1 tower shield of Jetok {Int+4}
 34000 | D:15     | Noticed Louise
 34020 | D:15     | Killed Louise
 34021 | D:15     | Reached skill level 11 in Fire Magic
 34454 | D:15     | Reached skill level 12 in Spellcasting
 34648 | D:15     | Reached XP level 15. HP: 132/132 MP: 31/31
 34821 | D:15     | Reached skill level 7 in Shields
 35491 | D:15     | Found a staircase to the Depths.
 35773 | D:15     | Reached skill level 8 in Shields
 35773 | D:15     | Reached skill level 12 in Fire Magic
 35773 | D:15     | Reached skill level 12 in Air Magic
 36387 | Lair:5   | Reached skill level 7 in Dodging
 37172 | Lair:5   | Reached skill level 8 in Dodging
 37818 | Lair:5   | Found a large runed translucent door.
 37818 | Lair:5   | Found a large runed translucent door.
 38297 | Shoals:1 | Entered Level 1 of the Shoals
 38301 | Shoals:1 | Reached skill level 9 in Dodging
 38534 | Spider:1 | Entered Level 1 of the Spider Nest
 38540 | Spider:1 | Upgraded the game from 0.31-a0-180-g519b7de00c to
                  | 0.31-a0-210-gccc998df9b
 38623 | Spider:1 | Noticed an emperor scorpion
 38632 | Spider:1 | Killed an emperor scorpion
 38790 | Spider:1 | Reached skill level 5 in Evocations
 39070 | Spider:1 | Reached skill level 10 in Invocations
 39088 | Spider:1 | Reached skill level 6 in Evocations
 39265 | Spider:1 | Reached XP level 16. HP: 127/139 MP: 20/32
 39746 | Spider:1 | Reached skill level 7 in Evocations
 40007 | Spider:1 | Reached skill level 11 in Invocations
 40326 | Spider:1 | Reached skill level 8 in Evocations
 40592 | Spider:1 | Found a runed translucent gate.
 40592 | Spider:1 | Found a runed translucent gate.
 40592 | Spider:1 | Found a runed translucent gate.
 40596 | Spider:1 | Noticed mn3067's ghost (adept GrBe)
 40596 | Spider:1 | Noticed Eddy6969's ghost (journeyman DrCj)
 40596 | Spider:1 | Noticed Wolaime's ghost (journeyman OpVM)
 40773 | Spider:1 | Reached skill level 12 in Invocations
 41067 | Orc:2    | Bought a scroll of identify for 26 gold pieces
 41067 | Orc:2    | Bought a scroll of revelation for 97 gold pieces
 42005 | Spider:2 | Reached skill level 13 in Invocations
 43257 | Spider:3 | Reached skill level 14 in Invocations
 43503 | Spider:3 | Noticed Arachne
 43509 | Spider:3 | Killed Arachne
 44077 | Spider:3 | Reached skill level 15 in Invocations
 44588 | Spider:3 | Reached XP level 17. HP: 107/148 MP: 2/33
 44919 | Spider:3 | Identified the amulet "Boezy" {Spirit rPois SInv}
 45444 | Spider:4 | Entered Level 4 of the Spider Nest
 45444 | Spider:4 | Noticed Mlioglotl
 45576 | Spider:4 | Noticed Nikola
 45984 | Lair:3   | Reached skill level 13 in Fighting
 45984 | Lair:3   | Reached skill level 13 in Fire Magic
 46512 | Shoals:1 | You fall into a shaft and drop 1 floor!
 46698 | Shoals:1 | Found Imydum's Antique Armour Boutique.
 46723 | Shoals:1 | Bought the -2 hat of the Alchemist {rElec rPois rF+ rC+ rN+
                  | Will+ rMut rCorr} for 1180 gold pieces
 46723 | Shoals:1 | Found the -2 hat of the Alchemist {rElec rPois rF+ rC+ rN+
                  | Will+ rMut rCorr}
 48526 | Shoals:2 | Learned a level 5 spell: Irradiate
 48551 | Shoals:3 | Reached skill level 1 in Transmutations
 48828 | Shoals:3 | Reached skill level 14 in Fighting
 48877 | Shoals:3 | Reached skill level 2 in Transmutations
 49218 | Shoals:3 | Reached skill level 3 in Transmutations
 49520 | Shoals:3 | Reached skill level 7 in Conjurations
 49789 | Shoals:4 | Entered Level 4 of the Shoals
 50016 | Shoals:4 | Reached skill level 4 in Transmutations
 50501 | Shoals:4 | Reached skill level 5 in Transmutations
 50610 | Shoals:4 | Reached skill level 8 in Conjurations
 51402 | Shoals:4 | Reached skill level 6 in Transmutations
 51615 | Shoals:4 | Reached XP level 18. HP: 85/160 MP: 2/34
 51809 | Shoals:4 | Reached skill level 9 in Conjurations
 52082 | Shoals:4 | Reached skill level 7 in Transmutations
 52362 | Shoals:4 | Identified the +2 sling "Puletouqa" {drain, Int+4}
 52429 | Shoals:4 | Identified the +1 orcbow "Qouf" {freeze, Str+2}
 52498 | Shoals:4 | Got a barnacled rune of Zot
 52789 | Elf:1    | Entered Level 1 of the Elven Halls
 53231 | Elf:1    | Found Biggoosch's Book Shoppe.
 53233 | Elf:1    | Found Pelogois's Book Emporium.
 53264 | Elf:1    | Reached skill level 10 in Conjurations
 53267 | Elf:1    | Reached skill level 8 in Transmutations
 53526 | Elf:1    | Reached skill level 14 in Fire Magic
 53767 | Elf:1    | Got Oresaath's Parchment of Lamentation
 53868 | Elf:1    | Identified the +1 trident of the Slashing Dove {flame, rC+
                  | Str+2}
 53964 | Elf:1    | Found Wenaem's Distillery.
 53969 | Elf:1    | Bought a potion of enlightenment for 65 gold pieces
 53969 | Elf:1    | Bought a potion of heal wounds for 65 gold pieces
 53969 | Elf:1    | Bought a potion of heal wounds for 65 gold pieces
 53969 | Elf:1    | Bought a potion of curing for 39 gold pieces
 53986 | Elf:1    | Paralysed by an air elemental for 1 turns
 54387 | Elf:1    | Learned a level 5 spell: Yara's Violent Unravelling
 54396 | Elf:1    | Learned a level 8 spell: Ignition
 55227 | Elf:2    | Found a huge runed translucent gate.
 55227 | Elf:2    | Found a huge runed translucent gate.
 55227 | Elf:2    | Found a huge runed translucent gate.
 55227 | Elf:2    | Found a huge runed translucent gate.
 55227 | Elf:2    | Found a huge runed translucent gate.
 55397 | Elf:3    | Entered Level 3 of the Elven Halls
 55988 | Elf:3    | Found Vatreb's Magic Scroll Boutique.
 56007 | Elf:3    | Reached skill level 10 in Dodging
 56441 | Elf:3    | Reached skill level 15 in Fighting
 56956 | Elf:3    | Identified the +4 long sword of the Middle {venom, rPois
                  | Int+3}
 57932 | Elf:3    | Bought a scroll of fog for 44 gold pieces
 57932 | Elf:3    | Bought a scroll of enchant armour for 82 gold pieces
 58258 | Elf:3    | Noticed Bai Suzhen
 58270 | Elf:3    | Killed Bai Suzhen
 58271 | Elf:3    | Reached skill level 15 in Fire Magic
 58395 | Elf:3    | Identified the +7 spear "Mamm" {flame, rPois rC+ MP-9
                  | Str+5}
 58524 | Elf:3    | Identified the +5 demon blade of Foagam {freeze, rPois
                  | Int-2 Dex+4}
 58627 | Elf:3    | Identified the +1 long sword of Tenacity {flame, rN+ Will+
                  | Str+2}
 58627 | Elf:3    | Identified the amulet of Lust {Regen+ Stlth+}
 59160 | Elf:3    | Identified the +1 scale mail of Asussu {-Tele rF+ rC++
                  | MP+9}
 59162 | Elf:3    | Reached XP level 19. HP: 170/170 MP: 35/35
 60248 | Elf:3    | Identified the staff "Nyngaw" {rF+ Stlth+ Fire}
 60249 | Elf:3    | Identified the staff of Analysis {rElec rPois rC+ Stlth+
                  | Air}
 60272 | Elf:3    | Got the Handbook of Breezy Geology
 60303 | Elf:3    | Identified the staff "Kefueq" {rElec rC+ rN+ Dex+2 Necro}
 60893 | Spider:3 | Killed Nikola
 60894 | Spider:3 | Reached skill level 11 in Dodging
 61486 | Spider:4 | Reached skill level 16 in Fighting
 61825 | Spider:4 | Reached skill level 16 in Fire Magic
 61945 | Spider:4 | Killed Mlioglotl
 62600 | Spider:4 | Reached skill level 12 in Dodging
 63131 | Spider:4 | Reached skill level 17 in Fire Magic
 63153 | Spider:4 | Got a gossamer rune of Zot
 63450 | Vaults:1 | Entered Level 1 of the Vaults
 64099 | Vaults:1 | Reached XP level 20. HP: 180/180 MP: 36/36
 64300 | Vaults:1 | Found a portal to a secret trove of treasure.
 64433 | Vaults:1 | Found Xuen's Book Emporium.
 64589 | Vaults:1 | Identified the +1 robe of Insecurity {-Cast rN+++ Will-
                  | Stlth+}
 64693 | Vaults:1 | Reached skill level 18 in Fire Magic
 65014 | Vaults:2 | Reached skill level 13 in Spellcasting
 65168 | Vaults:2 | Found Oduh's Antique Weapon Emporium.
 65173 | Vaults:2 | Found Suxkoysh's Weapon Emporium.
 65244 | Vaults:2 | Found Judd's General Store.
 65247 | Vaults:2 | Bought a box of beasts for 600 gold pieces
 66114 | Vaults:2 | Found a transporter.
 66119 | Vaults:2 | Found Veraleng's Antique Armour Shoppe.
 66165 | Vaults:2 | Noticed Jory
 66168 | Vaults:2 | Killed Jory
 66303 | Vaults:2 | Found a transporter.
 66433 | Vaults:2 | Bought an embroidered cloak for 330 gold pieces
 66651 | Vaults:3 | Reached skill level 19 in Fire Magic
 66695 | Vaults:3 | Reached skill level 14 in Spellcasting
 67267 | Vaults:3 | Found a staircase to the Crypt.
 67873 | Vaults:3 | Found a large runed translucent door.
 67874 | Vaults:3 | Found a large runed translucent door.
 67874 | Vaults:3 | Found a large runed translucent door.
 67875 | Vaults:3 | Found a large runed translucent door.
 67876 | Vaults:3 | Noticed Gargoyl's ghost (adept GrBe)
 67876 | Vaults:3 | Found a large runed translucent door.
 67876 | Vaults:3 | Found a large runed translucent door.
 67876 | Vaults:3 | Found a large runed translucent door.
 67876 | Vaults:3 | Found a large runed translucent door.
 68237 | Vaults:4 | Identified the +11 short sword of the Dove {elec, *Corrode
                  | Fly rN++ Str-5 Dex+4}
 68564 | Vaults:4 | Paralysed by a sphinx for 5 turns
 69129 | Vaults:4 | Found Zyhov's Antique Armour Shop.
 69136 | Vaults:4 | Bought a scorched kite shield for 427 gold pieces
 69136 | Vaults:4 | Identified the +2 kite shield of Limited Liability {rN++
                  | Int-4} (You bought it in a shop on level 4 of the Vaults)
 69312 | Vaults:4 | Reached skill level 15 in Spellcasting
 69329 | Vaults:4 | Reached skill level 20 in Fire Magic
 69556 | Depths:1 | Entered Level 1 of the Depths
 69566 | Depths:1 | Reached XP level 21. HP: 166/188 MP: 30/40
 69819 | Elf:1    | Bought Maxwell's Memoranda for 456 gold pieces
 69828 | Elf:1    | Learned a level 8 spell: Maxwell's Capacitive Coupling
 70059 | Depths:1 | Reached skill level 9 in Shields
 70495 | Depths:1 | Reached skill level 10 in Shields
 70668 | Depths:1 | Found an ancient bone altar of Kikubaaqudgha.
 70736 | Depths:1 | Identified the +7 dire flail of the Flying Gods {holy,
                  | Will- Str+3 Int+3 Dex+3}
 70744 | Depths:1 | Found a gateway to Hell.
 70846 | Depths:1 | Found a one-way gate leading to the halls of Pandemonium.
 70876 | Depths:1 | Reached skill level 11 in Shields
 70876 | Depths:1 | Reached skill level 13 in Air Magic
 71143 | Depths:1 | Found a one-way gate to the infinite horrors of the Abyss.
 71826 | Depths:2 | Reached skill level 12 in Shields
 72032 | Depths:2 | Reached skill level 13 in Shields
 72032 | Depths:2 | Reached skill level 14 in Air Magic
 72418 | Depths:2 | Reached skill level 15 in Air Magic
 72516 | Depths:2 | Found a one-way gateway to a ziggurat.
 72928 | Depths:3 | Noticed Xtahua
 72932 | Depths:3 | Killed Xtahua
 73183 | Depths:3 | Reached skill level 16 in Air Magic
 73584 | Depths:3 | Reached XP level 22. HP: 195/195 MP: 41/41
 73662 | Depths:3 | Reached skill level 17 in Air Magic
 73719 | Depths:3 | Noticed a caustic shrike
 73721 | Depths:3 | Noticed a juggernaut
 73723 | Depths:3 | Killed a juggernaut
 73727 | Depths:3 | Killed a caustic shrike
 73874 | Depths:3 | Noticed a golden dragon
 73879 | Depths:3 | Killed a golden dragon
 73894 | Depths:3 | Noticed a caustic shrike
 73899 | Depths:3 | Killed a caustic shrike
 74109 | Depths:3 | Reached skill level 18 in Air Magic
 74109 | Depths:3 | Noticed a caustic shrike
 74122 | Depths:3 | Killed a caustic shrike
 74126 | Depths:3 | Noticed a caustic shrike
 74131 | Depths:3 | Killed a caustic shrike
 74187 | Depths:3 | Noticed a caustic shrike
 74189 | Depths:3 | Noticed a caustic shrike
 74190 | Depths:3 | Noticed a caustic shrike
 74190 | Depths:3 | Noticed a caustic shrike
 74464 | Depths:3 | Killed a caustic shrike
 74468 | Depths:3 | Killed a caustic shrike
 74470 | Depths:3 | Killed a caustic shrike
 74470 | Depths:3 | Killed a caustic shrike
 74471 | Depths:3 | Reached skill level 19 in Air Magic
 76268 | Depths:4 | Entered Level 4 of the Depths
 76287 | Depths:4 | Noticed Parghit
 76408 | Depths:4 | Killed Parghit
 76409 | Depths:4 | Reached skill level 20 in Air Magic
 76975 | Depths:4 | Found a gate to the Realm of Zot.
 77161 | Depths:4 | Noticed a golden dragon
 77165 | Depths:4 | Killed a golden dragon
 78036 | Slime:1  | Entered Level 1 of the Pits of Slime
 78260 | Slime:1  | Learned a level 2 spell: Sublimation of Blood
 78265 | Slime:1  | Learned a level 4 spell: Dispel Undead
 78415 | Spider:1 | Killed Wolaime's ghost
 78417 | Spider:1 | Killed mn3067's ghost
 78418 | Spider:1 | Killed Eddy6969's ghost
 78657 | Elf:1    | Bought a book of Spatial Translocations for 216 gold pieces
 79683 | Vaults:5 | Entered Level 5 of the Vaults
 79717 | Vaults:5 | Reached skill level 17 in Fighting
 79727 | Vaults:5 | Reached XP level 23. HP: 190/205 MP: 34/42
 79818 | Vaults:5 | Reached skill level 16 in Spellcasting
 80258 | Vaults:5 | Identified the +8 mace "Coules" {freeze, Str+3 Int+5}
 80383 | Vaults:5 | Identified the +2 chain mail "Daeffa" {+Inv rN+ Int+3}
 81286 | Vaults:5 | Reached skill level 18 in Fighting
 81507 | Vaults:5 | Identified the +4 rapier of Lewoleh {venom, rN+}
 81819 | Vaults:5 | Reached skill level 1 in Necromancy
 81883 | Vaults:5 | Identified the +0 scale mail of Compression {*Slow Will+++
                  | Regen+ Slay+2}
 81946 | Vaults:5 | Reached skill level 2 in Necromancy
 82401 | Vaults:5 | Identified the +4 dagger of Mens Rea {holy, rElec rF+}
 82678 | Vaults:5 | Noticed a dread lich
 82681 | Vaults:5 | Killed a dread lich
 82682 | Vaults:5 | Reached skill level 3 in Necromancy
 82803 | Vaults:5 | Identified the +8 war axe of the Pits of Slime {drain,
                  | Int+2}
 83011 | Vaults:5 | Reached skill level 17 in Spellcasting
 83846 | Vaults:5 | Got Sif Muna's Directory of the Brume and Anathema
 83848 | Vaults:5 | Got a silver rune of Zot
 84958 | Crypt:1  | Entered Level 1 of the Crypt
 84998 | Crypt:1  | Reached skill level 13 in Dodging
 85069 | Crypt:1  | Reached skill level 19 in Fighting
 85327 | Crypt:1  | Reached XP level 24. HP: 221/221 MP: 38/44
 85689 | Crypt:1  | Identified a scroll of acquirement
 85689 | Crypt:1  | Noticed a dread lich
 85702 | Crypt:1  | Killed a dread lich
 85847 | Crypt:1  | Acquired 1115 gold pieces
 86650 | Crypt:1  | Reached skill level 18 in Spellcasting
 86715 | Crypt:2  | Reached skill level 14 in Dodging
 87106 | Crypt:2  | Reached skill level 20 in Fighting
 87493 | Crypt:3  | Entered Level 3 of the Crypt
 88646 | Crypt:3  | Reached skill level 15 in Dodging
 89118 | Crypt:3  | Found a staircase to the Tomb.
 89466 | Crypt:3  | Reached skill level 19 in Spellcasting
 89473 | Crypt:3  | Noticed a dread lich
 89473 | Crypt:3  | Noticed an ancient lich
 89479 | Crypt:3  | Killed an ancient lich
 89484 | Crypt:3  | Killed a dread lich
 89588 | Crypt:3  | Identified the +10 orcbow of the Median {antimagic, rPois
                  | Int+3}
 89592 | Crypt:3  | Got Omou's Almanac of Shades
 89594 | Crypt:3  | Identified the staff of the Whelk {Str+4 Earth}
 89598 | Crypt:3  | Got the Atlas of Attendants and the Tektite
 90005 | Zot:1    | Entered Level 1 of the Realm of Zot
 90291 | Zig:1    | Entered Level 1 of a ziggurat
 90311 | Zig:2    | Entered Level 2 of a ziggurat
 90346 | Zig:3    | Entered Level 3 of a ziggurat
 90616 | Vaults:1 | You paid a toll of +2 shadow dragon scales to enter a
                  | treasure trove
 90617 | Trove    | Entered a treasure trove
 90620 | Trove    | Found the +3 hat of Pondering {ponderous, Will+ MP+10
                  | Int+5}
 90621 | Trove    | Identified the +0 tower shield of Painted Intercession
                  | {rPois Str+3}
 90625 | Trove    | Identified the +0 hat of Minor Irritation {rPois}
 90627 | Trove    | Identified the +1 hat of Ysioh {Int+3}
 90630 | Trove    | Identified the +0 pair of gloves of Relativism {rPois rC+
                  | rCorr Str-4}
 90632 | Trove    | Identified the +1 pair of boots of Cowardice {rPois rC- rN+
                  | Will+}
 90633 | Trove    | Identified the +0 cloak of Pessimism {rC+ rN+ MP+9}
 90634 | Trove    | Identified the +1 hat of the Tired Tusks {rF+ Str+3 Dex+5}
 90635 | Trove    | Identified the +1 hat of Sloth {MP+9 Int+5}
 90982 | Orc:2    | Bought a ring of protection from cold for 375 gold pieces
 90982 | Orc:2    | Bought a ring of willpower for 375 gold pieces
 91317 | Zot:1    | Reached XP level 25. HP: 231/231 MP: 39/46
 92011 | Zot:2    | Reached skill level 20 in Spellcasting
 92548 | Zot:2    | Reached skill level 9 in Evocations
 92562 | Zot:2    | Reached skill level 14 in Shields
 92713 | Zot:2    | Learned a level 2 spell: Blink
 93427 | Zot:2    | Noticed an ancient lich
 93431 | Zot:2    | Killed an ancient lich
 93432 | Zot:2    | Reached skill level 10 in Evocations
 93870 | Zot:2    | Reached skill level 15 in Shields
 94062 | Zot:2    | Reached skill level 11 in Evocations
 94673 | Zot:2    | Reached skill level 12 in Evocations
 94979 | Zot:2    | Noticed an ancient lich
 94983 | Zot:2    | Killed an ancient lich
 95585 | Zot:3    | Reached skill level 13 in Evocations
 96534 | Zot:3    | Reached skill level 16 in Dodging
 98015 | Zot:5    | Entered Level 5 of the Realm of Zot
 98422 | Zot:5    | Noticed a Killer Klown
 98424 | Zot:5    | Killed a Killer Klown
 98425 | Zot:5    | Reached XP level 26. HP: 195/239 MP: 47/47
 98433 | Zot:5    | Reached skill level 17 in Dodging
 98439 | Zot:5    | Found a runed translucent door.
 98439 | Zot:5    | Noticed Wyzoinim's ghost (legendary GrMo)
 99483 | Zot:5    | Noticed an ancient lich
 99488 | Zot:5    | Killed an ancient lich
 99502 | Zot:5    | Noticed an ancient lich
 99507 | Zot:5    | Killed an ancient lich
 99508 | Zot:5    | Reached skill level 18 in Dodging
 99705 | Zot:5    | Noticed an orb of fire
 99709 | Zot:5    | Killed an orb of fire
 99762 | Zot:5    | Noticed an ancient lich
 99766 | Zot:5    | Killed an ancient lich
 99834 | Zot:5    | Noticed a dread lich
 99839 | Zot:5    | Killed a dread lich
100045 | Zot:5    | Noticed an orb of fire
100049 | Zot:5    | Killed an orb of fire
100206 | Zot:5    | Noticed an ancient lich
100211 | Zot:5    | Killed an ancient lich
100959 | Zot:5    | Reached skill level 19 in Dodging
100973 | Zot:5    | Noticed a dread lich
100979 | Zot:5    | Killed a dread lich
103157 | Zot:5    | Reached skill level 20 in Dodging
103162 | Zot:5    | Reached skill level 4 in Stealth
103373 | Zot:5    | Got the Orb of Zot
103420 | Zot:5    | Reached skill level 5 in Stealth
103528 | Zot:2    | Gained mutation: You have hidden genetic defects. [a
                  | cacodemon]
103631 | Depths:3 | Reached skill level 6 in Stealth
103874 | D:8      | Noticed Enoytun the pandemonium lord
103874 | D:8      | Noticed an ancient lich
104027 | D:$      | Escaped with the Orb!

Illustrated notes

Levels and vault maps discovered:
D:1:      dpeg_arrival_tiny_j, layout_loops_ring, chequers_jeans,
          minmay_tree_intersection, st_stairs_4, serial_bayou_lagoon_b
D:2:      layout_loops_ring, uniq_terence
D:3:      layout_basic, makhleb_altar_promises_db, uniq_natasha, uniq_ijyb,
          uniq_jessica, uniq_robin
D:4:      layout_basic, mainiacjoe_overflow_chevrons, nicolae_eternal_life,
          kennysheep_generic_room_8, uniq_eustachio
D:5:      layout_layer_cave, tgw_sif, lemuel_round_altar,
          minmay_temple_entry_hall, serial_shops, nicolae_shop_stone,
          nicolae_figureground_pulse, uniq_pikel
D:6:      layout_loops_cross, serial_shops, shop, nicolae_shop_trees,
          minivault_4
D:7:      layout_basic, nicolae_ossuary_entry_ruins
D:8:      layout_rooms, mainiacjoe_overflow_catwalk_spiral, uniq_erica
D:9:      layout_roguey, kennysheep_mini, zin_angel, minmay_lair_entry_grove,
          david_orc_4, uniq_erolcha, uniq_harold
D:10:     layout_grid_maze, tso_oasis_becter, mainiacjoe_overflow_paths,
          uniq_sonja
D:11:     layout_irregular_city
D:12:     layout_layer_cave, nicolae_ashenzari_skybound
D:13:     layout_irregular_city, ebering_ghost_reflecting_pool
D:14:     layout_small_grid, ximxim_vaults_locker_room, corexii_hall_statues_l
D:15:     gammafunk_enter_depths_forms, layout_stronghold, serial_park_square3
          [serial_park_minivault_5x5_7], uniq_louise
Temple:   nicolae_temple_x_marks_the_god
Lair:1:   layout_roguey
Lair:2:   dragon1_lemuel, layout_regular_city, spider_nest_entry_funnel_web,
          infiniplex_staircase_pool, lemuel_fruit_tree
Lair:3:   layout_small_grid, minmay_shoals_entry_lonely_mermaid,
          nicolae_quartered_pool_impasse, nzn_sisyphean_effort
Lair:4:   layout_misc_corridors, slime_entry_1, basic_altar,
          maelrawn_ghost_gauntlet_escape
Lair:5:   cheibrodos_lair_end_hotspot, layout_regular_city,
          pdpol_lair_cavern_descent
Shoals:1: layout_shoals, serial_shops, nicolae_shop_statue_plus
Shoals:2: layout_shoals
Shoals:3: layout_shoals, nicolae_shoals_water_shrine
Shoals:4: shoals_end_hellmonk_lost_city
Spider:1: layout_spider_delve, gammafunk_ghost_cemetery,
          nicolae_spider_scorpion_nest, hangedman_spider_tarantella_strand
Spider:2: layout_spider_delve
Spider:3: layout_cave_pods, nicolae_orb_stairs, uniq_arachne
Spider:4: floodkiller_spider_rune_tomb, nicolae_spider_some_kinda_spiderbox,
          uniq_nikola, uniq_mlioglotl
Slime:1:  layout_caves
Slime:2:  layout_caves
Orc:1:    layout_caves, serial_shops, shop
Orc:2:    st_orc_pillars, layout_caves, nicolae_orc_rich_vein
Elf:1:    layout_gridlike, serial_shops, shop, minmay_elf_necromancy,
          minmay_crystal_room, grunt_megastairs_3, minmay_shoptagon
Elf:2:    elven_hall_of_blades_hangedman_alternative
          [nicolae_blade_entry_sentries_behind_glass], layout_gridlike,
          nicolae_wwwww, ebering_dispersal_statue_hall
Elf:3:    minmay_elf_hall_statues, layout_loops_ring, serial_shops, shop,
          serial_glass, glass_columns_b, glass_columns_c, minivault_4,
          uniq_bai_suzhen
Vaults:1: vaults_mumra_chevron, vaults_room_guarded_vault,
          nicolae_vaults_more_shelving_1, hangedman_vaults_variations,
          v_rooms_1, nicolae_vaults_apartment_2, v_misc_27,
          vaults_standard_mumra_lines, nicolae_vaults_little_squares_1,
          v_misc_8, layout_vaults_ring, serial_shops, shop, enter_trove_2
Vaults:2: nicolae_vaults_trapezoid_lopsided_1, hangedman_vaults_nails,
          v_misc_16, v_misc_8, nicolae_vaults_double_plus_1,
          nicolae_vaults_off_center_swirl, hangedman_vaults_trim,
          nicolae_vaults_bisected_slash, v_misc_19, layout_vaults_omnicross,
          serial_shops, nicolae_shop_window_shopping, shop,
          nicolae_shop_drivethru, shop_fountains, uniq_jory
Vaults:3: advil_vaults_ghost_lines, vaults_room_door_hall,
          blue_anna_dwarven_crypt, v_alt_pattern_2, ontoclasm_vaults_ring_small,
          nicolae_vaults_stairing_the_circle, v_misc_3, v_rooms_2,
          vaults_room_pool, nicolae_vaults_tetromino_L_2, v_misc_9,
          grunt_vaults_focal, nicolae_vaults_diamond_1, layout_vaults_omnibox
Vaults:4: vaults_room_fancy_cross, v_misc_16, ontoclasm_vaults_chip,
          nicolae_vaults_prndl, v_misc_24, nicolae_vaults_two_Ls,
          ontoclasm_vaults_shuriken, layout_vaults_omnigrid, serial_glass,
          serial_shops, nicolae_shop_advertising_works
          [nicolae_subvault_shop_adworks]
Vaults:5: serial_shops
Crypt:1:  grunt_deathspiral_small, layout_chaotic_city
Crypt:2:  layout_rooms, nicolae_crypt_little_mausoleum, grunt_megastairs_4
Crypt:3:  david_glass_crypt, layout_chaotic_city,
          nicolae_tomb_entry_unfolded_pyramid_orthogonal, nicolae_letterblocks
          [nicolae_letter_subblock, nicolae_letter_subblock,
          nicolae_letter_subblock, nicolae_letter_subblock,
          nicolae_letter_subblock, nicolae_letter_subblock,
          nicolae_letter_subblock, nicolae_letter_subblock,
          nicolae_letter_subblock, nicolae_letter_subblock,
          nicolae_letter_subblock, nicolae_letter_subblock,
          nicolae_letter_subblock, nicolae_letter_subblock,
          nicolae_letter_subblock, nicolae_letter_subblock,
          nicolae_letter_subblock, nicolae_letter_subblock,
          nicolae_letter_subblock, nicolae_letter_subblock,
          nicolae_letter_subblock, nicolae_letter_subblock,
          nicolae_letter_subblock, nicolae_letter_subblock,
          nicolae_letter_subblock]
Depths:1: layout_roguey, hell_entry, grunt_pan_entry_zigzag,
          abyss_entry_crystal, kiku_gazebo_pond_becter, kennysheep_potato
Depths:2: dreamdust_hydra_shepherd, layout_long_grid, enter_ziggurat_f,
          grunt_hell_horde, rand_demon_pan_entry_1, hangedman_decor_growths
Depths:3: grunt_runaround [grunt_runaround_doors_1, grunt_runaround_doors_2,
          grunt_runaround_doors_3, grunt_runaround_doors_4,
          grunt_runaround_loot], abyss_entry, hell_entry, uniq_xtahua
Depths:4: grunt_twist_and_shout, layout_basic, serial_sigils_hangedman_gut,
          pf_coc_iceberg, uniq_parghit
Zot:1:    layout_onion_interference, st_large_dragon_hoard_1
Zot:2:    hangedman_zot_vaults_quadrants, layout_cathedral_of_symmetry
Zot:3:    kennysheep_spiral_hall, layout_misc_corridors
Zot:4:    nicolae_zot_stationary_front, layout_concentric_octagons,
          grunt_ministairs_11, drop_trap, uniq_josephina
Zot:5:    layout_basic, ebering_ghost_reflecting_pool

Skill      XL: |  1  2  3  4  5  6  7  8  9 10 11 12 13 14 15 16 17 18 19 20 21 22 23 24 25 26 |
---------------+-------------------------------------------------------------------------------+-----
Fighting       | 3 4 5 6 7 8 12 14 15 16 17 19 20 | 20.0
Dodging        | 2 6 9 10 12 13 15 16 20 | 20.0
Short Blades   | 4 6 |  6.0
Spellcasting   | 2 4 5 7 9 12 15 17 19 20 | 20.0
Air Magic      | 3 7 9 10 11 12 16 20 | 20.0
Shields        | 3 5 6 8 13 15 | 15.0
Summonings     | 3 4 |  4.0
Invocations    | 5 9 10 15 | 15.0
Evocations     | 4 6 8 13 | 13.0
Fire Magic     | 3 10 11 12 13 15 17 20 | 20.0
Conjurations   | 2 6 8 10 | 10.0
Transmutations | 6 8 |  8.0
Necromancy     | 3 |  3.0
Stealth        | 6 |  6.7
Throwing       | |  1.7

Action                     |  1- 3 |  4- 6 |  7- 9 | 10-12 | 13-15 | 16-18 | 19-21 | 22-24 | 25-27 || total
---------------------------+-------+-------+-------+-------+-------+-------+-------+-------+-------++-------
  Melee: Dagger            |   111 |   196 |   321 |   170 |   177 |    82 |       |       |       ||  1057
         Tailslap          |    10 |    27 |    52 |    31 |    31 |    17 |     6 |     6 |     2 ||   182
         Punch             |       |     2 |       |       |       |       |       |       |       ||     2
         Staff             |       |       |       |       |       |       |    33 |    27 |    12 ||    72
         Demon blade       |       |       |       |       |       |       |     3 |       |       ||     3
  Throw: Dart              |     5 |    21 |     2 |     7 |    16 |     1 |       |       |       ||    52
   Cast: Airstrike         |       |       |    35 |   147 |   480 |   464 |   114 |     6 |       ||  1246
         Static Discharge  |       |       |     6 |    22 |     1 |     1 |       |       |       ||    30
         Summon Lightning  |       |       |       |    24 |    15 |    20 |     2 |       |       ||    61
         Arcjolt           |       |       |       |     4 |    68 |   157 |    58 |       |       ||   287
         Plasma Beam       |       |       |       |     1 |    89 |   171 |   463 |   567 |   108 ||  1399
         Irradiate         |       |       |       |       |       |    32 |    40 |    33 |     7 ||   112
         Ignition          |       |       |       |       |       |       |    21 |    37 |     3 ||    61
         Maxwell's Capacit |       |       |       |       |       |       |     2 |    17 |   157 ||   176
         Sublimation of Bl |       |       |       |       |       |       |       |     2 |     1 ||     3
         Dispel Undead     |       |       |       |       |       |       |       |     5 |     2 ||     7
 Invoke: Temporal Distorti |       |       |       |     1 |     2 |       |       |     1 |       ||     4
         Slouch            |       |       |       |     1 |       |    24 |     6 |     2 |       ||    33
         Step From Time    |       |       |       |       |     1 |       |       |       |       ||     1
Ability: Breathe Steam     |       |       |    27 |    24 |    19 |    12 |     2 |       |     2 ||    86
  Evoke: Wand              |       |     1 |     5 |     3 |    28 |    22 |     5 |     6 |     3 ||    73
         Tin of tremorston |       |       |       |       |       |     7 |     2 |       |     2 ||    11
         Phial of floods   |       |       |       |       |       |     1 |     1 |       |       ||     2
         Lightning rod     |       |       |       |       |       |       |       |       |     2 ||     2
         Box of beasts     |       |       |       |       |       |       |       |       |     1 ||     1
    Use: Scroll            |       |     6 |     8 |     8 |    11 |    13 |       |     8 |     8 ||    62
         Potion            |       |     2 |       |     2 |       |     6 |     2 |       |     2 ||    14
   Stab: Sleeping          |     8 |     2 |     7 |       |       |       |       |       |       ||    17
         Distracted        |       |       |       |     1 |       |     1 |       |       |       ||     2
 Armour: Skin              |    46 |    74 |   116 |    75 |   101 |   124 |    77 |    32 |    31 ||   676
  Dodge: Dodged            |    56 |   104 |   145 |   130 |   260 |   316 |   230 |   141 |   191 ||  1573
  Block: Buckler           |       |       |    11 |    82 |   127 |       |       |       |       ||   220
         Tower shield      |       |       |       |       |   116 |   495 |   277 |   227 |   189 ||  1304

Table legend: (Time is in decaauts)
 A = Elapsed time spent in this place.
 B = Non-inter-level travel time spent in this place.
 C = Inter-level travel time spent in this place.
 D = Time resting spent in this place.
 E = Time spent auto-exploring this place.
 F = Levels seen in this place.
 G = Mean time per level.
                   A        B        C        D        E       F      G
               +--------+--------+--------+--------+--------+-----+--------+
         Total | 140384 | 121530 |  18854 |  35319 |  70103 |  58 | 2420.4 |
       Dungeon |  32957 |  26101 |   6856 |   2653 |  20131 |  15 | 2197.1 |
        Temple |     46 |     35 |     11 |      0 |     15 |   1 |   46.0 |
          Lair |  17507 |  14378 |   3129 |   3753 |   9241 |   5 | 3501.4 |
        Shoals |   8040 |   7516 |    524 |   2455 |   4067 |   4 | 2010.0 |
   Spider Nest |  13399 |  11631 |   1768 |   3216 |   6508 |   4 | 3349.8 |
    Slime Pits |    133 |     92 |     41 |     37 |      0 |   2 |   66.5 |
  Orcish Mines |   8307 |   6578 |   1729 |   3331 |   2373 |   2 | 4153.5 |
   Elven Halls |   9859 |   9295 |    564 |   4105 |   4021 |   3 | 3286.3 |
        Vaults |  16411 |  14567 |   1844 |   2978 |   9649 |   5 | 3282.2 |
         Crypt |   6598 |   6149 |    449 |   1099 |   4330 |   3 | 2199.3 |
        Depths |  12428 |  10939 |   1489 |   2603 |   6862 |   4 | 3107.0 |
           Zot |  14003 |  13557 |    446 |   9012 |   2706 |   5 | 2800.6 |
      Ziggurat |    106 |    106 |      0 |     27 |      0 |   3 |   35.3 |
         Trove |    145 |    145 |      0 |      0 |      0 |   1 |  145.0 |
       Ossuary |    439 |    439 |      0 |     50 |    198 |   1 |  439.0 |
               +--------+--------+--------+--------+--------+-----+--------+

Top non-repeatable levels by time:
   Orc:2: 6871 daAuts
   Elf:3: 6121 daAuts
   Zot:5: 5893 daAuts
Vaults:5: 5545 daAuts
Depths:3: 5518 daAuts
   Zot:2: 5210 daAuts
  Lair:3: 4952 daAuts
     D:9: 4444 daAuts
Spider:3: 4322 daAuts
Spider:1: 4276 daAuts
  Lair:2: 3748 daAuts
  Lair:4: 3730 daAuts
    D:15: 3713 daAuts
    D:12: 3348 daAuts
    D:14: 3326 daAuts
